 Dungeon Crawl Stone Soup version 0.24-a0-615-g751f86b5a9 (webtiles) character file.

Game seed: 10224374539505675700, levelgen mode: deterministic

16324 E1999 the Cleaver (level 12, -5/94 HPs)
             Began as a Minotaur Fighter on Sept 12, 2019.
             Was a High Priest of Qazlal.
             Slain by a freezing wraith (13 damage)
             ... in an ice cave on Sept 13, 2019.
             The game lasted 00:31:47 (11665 turns).

E1999 the Cleaver (Minotaur Fighter)               Turns: 11665, Time: 00:31:48

Health: -5/94      AC: 14    Str: 23    XL:     12   Next: 9%
Magic:  12/12      EV: 16    Int:  5    God:    Qazlal [*****.]
Gold:   908        SH:  6    Dex: 13    Spells: 11/11 levels left

rFire    + . .     SeeInvis .   a - +6 executioner's axe (elec)
rCold    . . .     Gourm    .   (shield currently unavailable)
rNeg     . . .     Faith    .   W - +3 scale mail {MR+}
rPois    .         Spirit   .   (helmet restricted)
rElec    +         Reflect  .   (no cloak)
rCorr    .         Harm     .   n - +0 pair of gloves
MR       +....                  C - +0 pair of boots of the Bard {rElec}
Stlth    ..........             (no amulet)
HPRegen  0.25/turn              B - ring of protection from fire
MPRegen  0.13/turn              (no ring)

@: repel missiles
A: retaliatory headbutt, horns 2
a: Upheaval, Elemental Force, Disaster Area, Renounce Religion


You were in an ice cave.
You worshipped Qazlal.
Qazlal was extremely pleased with you.
You were not hungry.

You visited 3 branches of the dungeon, and saw 14 of its levels.
You also visited: Bailey and Ice Cave.

You collected 908 gold pieces.

Inventory:

Hand Weapons
 a - a +6 executioner's axe of electrocution (weapon)
 v - the +8 war axe "Pynneb" {flame, +Rage rC- Str+2 Int+7}
   (You took it off a gnoll sergeant in a bailey)

   It has been specially enchanted to burn those struck by it, causing extra
   injury to most foes and up to half again as much damage against particularly
   susceptible opponents.
   Big, fiery blades are also staple armaments of hydra-hunters.
   It affects your strength (+2).
   It affects your intelligence (+7).
   It makes you vulnerable to cold.
   It lets you go berserk.
 F - a +2 great sword of draining
 K - a +4 halberd
Missiles
 U - 7 curare-tipped darts (quivered)
Armour
 c - a +0 shield
 n - a +0 pair of gloves (worn)
 w - a +0 buckler
 x - a +2 leather armour of positive energy
 C - the +0 pair of boots of the Bard (worn) {rElec}
   (You found it on level 7 of the Dungeon)

   It insulates you from electricity.
 E - a +0 plate armour
 W - a +3 scale mail of magic resistance (worn)
Jewellery
 B - a ring of protection from fire (left hand)
Wands
 b - a wand of flame (10)
 u - a wand of random effects (58)
 y - a wand of digging (4)
 I - a wand of disintegration (3)
 P - a wand of paralysis (6)
 Q - a wand of clouds (3)
Scrolls
 e - 2 scrolls of amnesia
 g - a scroll of random uselessness
 j - a scroll of remove curse
 k - 2 scrolls of enchant armour
 p - 4 scrolls of teleportation
 q - 2 scrolls of fog
 r - a scroll of fear
 D - 2 scrolls of immolation
 T - a scroll of silence
Potions
 d - a potion of might
 l - a potion of brilliance {unknown}
 m - a potion of lignification
 o - 8 potions of curing {unknown}
 z - a potion of ambrosia {unknown}
 A - a potion of degeneration {unknown}
 J - 2 potions of invisibility {unknown}
 N - a potion of haste {unknown}
 O - 2 potions of flight {unknown}
Miscellaneous
 M - a fan of gales
Comestibles
 f - 19 rations


   Skills:
 * Level 5.3 Fighting
 - Level 2.2 Long Blades
 * Level 14.4(15.2) Axes
 - Level 8.8(12.6) Polearms
 - Level 9.6 Armour
 - Level 10.7 Dodging
 - Level 5.2 Shields
 * Level 1.8 Invocations
 + Level 1.6 Evocations


You had 11 spell levels left.
You didn't know any spells.
Your spell library contained the following spells:

 Spells                   Type           Power        Failure   Level  Hunger
 Confusing Touch          Hex            #.....       75%         1    ##.....
 Confuse                  Hex            #.......     98%         3    ####...
 Gell's Gravitas          Tloc           #.........   98%         3    ####...
 Petrify                  Tmut/Erth      #.......     100%        4    #####..
 Metabolic Englaciation   Hex/Ice        #.........   100%        5    ######.
 Yara's Violent Unravell  Hex/Tmut       #.........   100%        5    ######.


Dungeon Overview and Level Annotations

Branches:
Dungeon (12/15)            Temple (1/1) D:7            Lair (1/6) D:8
 Bailey (visited)           IceCv (1/1)
    Orc: D:9-12

Altars:
Ashenzari
Cheibriados
Dithmenos
Elyvilon
Fedhas
Gozag
Hepliaklqana
Kikubaaqudgha
Makhleb
Nemelex Xobeh
Okawaru
Qazlal
Ru
Sif Muna
Trog
Uskayaw
Vehumet
Wu Jian
Xom
Yredelemnul
Zin
The Shining One

Shops:
D:9 (

Annotations:
D:4 1 runed translucent door, Crazy Yiuf


Innate Abilities, Weirdness & Mutations

You reflexively headbutt those who attack you in melee.
You have a pair of horns on your head.


Message History

* * * LOW HITPOINT WARNING * * *
The freezing wraith freezes you!
* * * LOW HITPOINT WARNING * * *
You block the freezing wraith's attack.
You closely miss the freezing wraith.
The freezing wraith is heavily damaged.
The freezing wraith hits you!
* * * LOW HITPOINT WARNING * * *
The freezing wraith freezes you!
* * * LOW HITPOINT WARNING * * *
The freezing wraith misses you.
The freezing wraith completely misses you.
The freezing wraith barely misses you.
You hit the freezing wraith.
Lightning courses through the freezing wraith!
The freezing wraith is severely damaged.
The freezing wraith hits you.
* * * LOW HITPOINT WARNING * * *
The freezing wraith freezes you!
You die...

*,,,,,,,* *,,**,,
*8,,,,,8******,,,,,
*,,,,,,,,*,,***,,,,
***,,,,,,,*,,,***,**
**≈****,*,,,,*,,****
**≈≈≈≈≈****,,,*,,*
*≈≈≈≈≈≈≈≈≈**,**,,*
*≈≈*#####≈≈***,,**
*≈≈##@..##≈**,,******
*≈*#.°W..#≈*,,** *,,*
**##§.#..#***,,***,,*
##...##..# **,,*,,,**
##...##*#.#*
**,,,,,,* ##...##
*..#* *,,,,,,* #...##
**..# *,,,,,,, ##..##
*,.#**,,,,,,,
#..######
**..***,,,,,,


You could see a freezing wraith.

Vanquished Creatures
  3 two-headed ogres
  An ugly thing (D:11)
  A manticore (D:11)
  A black mamba (Lair:1)
  2 gargoyles (D:11)
  5 freezing wraiths (IceCv)
  2 rime drakes (Lair:1)
  Prince Ribbit (D:6)
  2 trolls
  Grinder (D:4)
  2 hippogriffs (D:11)
  A wraith (D:11)
  9 yaks
  3 hungry ghosts
  2 death yak simulacra (IceCv)
  An acid dragon (D:9)
  A hornet zombie (D:11)
  7 ice beasts
  A sky beast (D:8)
  A black bear (D:9)
  An eye of draining (D:8)
  3 phantoms
  6 orc warriors
  A necrophage (D:7)
  8 ogres
  3 wolves (D:8)
  7 centaurs
  A crocodile (D:10)
  2 big kobolds
  8 gnoll sergeants (Bailey)
  6 bullfrogs
  2 scorpions
  A wyvern skeleton (D:6)
  2 jellies
  An elephant simulacrum (IceCv)
  5 killer bees (D:7)
  8 wights
  2 electric eels (D:8)
  8 crimson imps
  4 centaur zombies
  A bullfrog zombie (D:6)
  A quasit (D:10)
  A centaur skeleton (D:9)
  8 orc wizards
  3 bullfrog skeletons
  6 gnoll shamans (Bailey)
  11 hounds
  2 orc priests
  Ijyb (D:4)
  5 iguanas
  A polar bear simulacrum (IceCv)
  8 worker ants
  2 hound skeletons
  A mummy (D:8)
  A worker ant zombie (D:11)
  15 adders
  20 gnolls
  2 shadow imps
  5 white imps (IceCv)
  2 oozes
  3 worms
  3 dart slugs
  5 leopard geckos
  34 orcs
  4 giant cockroaches
  6 goblins
  6 hobgoblins
  7 quokkas
  3 ball pythons
  9 bats
  5 frilled lizards
  A hobgoblin zombie (D:8)
  A jackal zombie (D:7)
  10 kobolds
  A leopard gecko skeleton (D:4)
  A leopard gecko zombie (D:5)
  An orc zombie (D:8)
  A quokka skeleton (D:5)
  A quokka zombie (D:7)
  A rat (D:1)
325 creatures vanquished.

Notes
Turn   | Place    | Note
-------+----------+-------------------------------------------
     0 | D:1      | E1999 the Minotaur Fighter began the quest for the Orb.
     0 | D:1      | Reached XP level 1. HP: 19/19 MP: 0/0
   216 | D:1      | Reached skill level 3 in Polearms
   216 | D:1      | Reached skill level 4 in Shields
   216 | D:1      | Reached XP level 2. HP: 26/26 MP: 1/1
   567 | D:1      | Reached XP level 3. HP: 26/31 MP: 2/2
   712 | D:2      | Reached skill level 4 in Polearms
   831 | D:2      | Reached XP level 4. HP: 36/39 MP: 3/3
   918 | D:2      | Reached skill level 5 in Polearms
  1164 | D:2      | Found a burning altar of Makhleb.
  1167 | D:2      | Found a radiant altar of Vehumet.
  1167 | D:2      | Found a hide-covered altar of Uskayaw.
  1168 | D:2      | Found a white marble altar of Elyvilon.
  1299 | D:3      | Reached XP level 5. HP: 45/45 MP: 4/4
  1876 | D:4      | Reached skill level 6 in Polearms
  1951 | D:4      | Noticed an ogre
  1964 | D:4      | Killed an ogre
  1973 | D:4      | Reached XP level 6. HP: 42/51 MP: 5/5
  1995 | D:4      | Reached skill level 7 in Polearms
  2162 | D:4      | Reached skill level 5 in Shields
  2163 | D:4      | Found a sparkling altar of Nemelex Xobeh.
  2199 | D:4      | Noticed Grinder
  2216 | D:4      | Killed Grinder
  2216 | D:4      | Reached skill level 8 in Polearms
  2216 | D:4      | Reached XP level 7. HP: 40/57 MP: 6/6
  2414 | D:4      | Noticed Ijyb
  2426 | D:4      | Killed Ijyb
  2462 | D:4      | Reached skill level 1 in Dodging
  2509 | D:4      | Found a runed translucent door.
  2510 | D:4      | Noticed Crazy Yiuf
  2536 | D:5      | Entered Level 5 of the Dungeon
  2551 | D:5      | Found a sacrificial altar of Ru.
  2575 | D:5      | Reached skill level 4 in Armour
  2596 | D:5      | Reached skill level 2 in Dodging
  2731 | D:5      | Found an iron altar of Okawaru.
  2930 | D:5      | Reached skill level 5 in Armour
  2930 | D:5      | Reached skill level 3 in Dodging
  3353 | D:6      | Reached XP level 8. HP: 57/64 MP: 7/7
  3463 | D:6      | Noticed Prince Ribbit
  3467 | D:6      | Reached skill level 4 in Dodging
  3486 | D:6      | Killed Prince Ribbit
  3486 | D:6      | Reached skill level 6 in Armour
  3696 | D:6      | Reached skill level 5 in Dodging
  3728 | D:6      | Found a basalt altar of Yredelemnul.
  3729 | D:6      | Found a hazy altar of Hepliaklqana.
  3904 | D:6      | Found a snail-covered altar of Cheibriados.
  4152 | D:7      | Found a staircase to the Ecumenical Temple.
  4157 | Temple   | Entered the Ecumenical Temple
  4206 | Temple   | Became a worshipper of Qazlal Stormbringer
  4231 | D:7      | Reached skill level 7 in Armour
  4251 | D:7      | Got a pair of slimy boots
  4257 | D:7      | Identified the +0 pair of boots of the Bard {rElec} (You
                  | found it on level 7 of the Dungeon)
  4302 | D:7      | Reached skill level 6 in Dodging
  4439 | D:7      | Found a blossoming altar of Fedhas.
  4583 | D:7      | Reached skill level 8 in Armour
  4583 | D:7      | Reached XP level 9. HP: 70/70 MP: 8/8
  4721 | D:7      | Reached * piety under Qazlal
  4721 | D:7      | Reached skill level 7 in Dodging
  4724 | D:7      | Found a flagged portal.
  4753 | Bailey   | Entered a bailey
  4958 | Bailey   | Reached skill level 1 in Long Blades
  5029 | Bailey   | Reached skill level 1 in Evocations
  5075 | Bailey   | Identified the +8 war axe "Pynneb" {flame, +Rage rC- Str+2
                  | Int+7}
  5087 | Bailey   | Reached skill level 2 in Long Blades
  5087 | Bailey   | Reached skill level 8 in Dodging
  5168 | Bailey   | Reached ** piety under Qazlal
  5239 | Bailey   | Reached skill level 9 in Armour
  5280 | Bailey   | Reached skill level 1 in Axes
  5669 | D:7      | Reached skill level 2 in Axes
  5751 | D:7      | Found a stormy altar of Qazlal.
  5845 | D:7      | Reached skill level 9 in Dodging
  5849 | D:7      | Reached skill level 3 in Axes
  5931 | D:7      | Reached skill level 4 in Axes
  6796 | D:8      | Found a staircase to the Lair.
  6804 | D:8      | Reached XP level 10. HP: 76/77 MP: 8/10
  6814 | D:8      | Reached *** piety under Qazlal
  6815 | D:8      | Reached skill level 5 in Axes
  7035 | D:8      | Reached skill level 6 in Axes
  7162 | D:8      | Noticed a two-headed ogre
  7177 | D:8      | Killed a two-headed ogre
  7177 | D:8      | Reached skill level 7 in Axes
  7198 | D:8      | Reached skill level 8 in Axes
  7581 | D:9      | Reached skill level 9 in Axes
  7607 | D:9      | Reached **** piety under Qazlal
  7607 | D:9      | Reached skill level 10 in Dodging
  7942 | D:9      | Found an ornate altar of the Wu Jian Council.
  8114 | D:9      | Reached skill level 10 in Axes
  8115 | D:9      | Found Soew's Weapon Shop.
  8428 | D:10     | Entered Level 10 of the Dungeon
  8438 | D:10     | Noticed a two-headed ogre
  8561 | D:10     | Reached XP level 11. HP: 42/82 MP: 11/11
  8586 | D:10     | Killed a two-headed ogre
  8586 | D:10     | Reached skill level 11 in Axes
  8832 | D:10     | Noticed a two-headed ogre
  8834 | D:10     | Found a large runed translucent door.
  8835 | D:10     | Found a large runed translucent door.
  8847 | D:10     | Found an iron altar of Okawaru.
  8847 | D:10     | Found an iron altar of Okawaru.
  8864 | D:10     | Killed a two-headed ogre
  9648 | D:11     | Reached skill level 12 in Axes
  9782 | D:11     | Identified a scroll of acquirement
  9924 | D:11     | Noticed a four-headed hydra
 10323 | D:11     | Reached skill level 13 in Axes
 10509 | D:11     | Reached skill level 4 in Fighting
 10597 | D:12     | Reached skill level 1 in Invocations
 10716 | D:11     | Found an opulent altar of Gozag.
 10740 | D:11     | Noticed a cyan ugly thing
 10750 | D:11     | Killed a cyan ugly thing
 11033 | Lair:1   | Entered Level 1 of the Lair of Beasts
 11039 | Lair:1   | Found a frozen archway.
 11063 | IceCv    | Entered an ice cave
 11086 | IceCv    | Reached ***** piety under Qazlal
 11086 | IceCv    | Reached skill level 14 in Axes
 11423 | IceCv    | Reached skill level 5 in Fighting
 11423 | IceCv    | Reached XP level 12. HP: 65/94 MP: 12/12
 11665 | IceCv    | HP: 8/94 [freezing wraith (5)]
 11665 | IceCv    | Slain by a freezing wraith

Levels and vault maps discovered:
D:1:      dpeg_arrival_simpleton_b, layout_basic
D:2:      layout_basic, chequers_temple_overflow_statue_of_worship
D:3:      layout_loops_cross
D:4:      layout_rooms, nemelex_xobeh_ov_fountains_minmay, first_ration,
          uniq_grinder, uniq_crazy_yiuf_cottage, uniq_ijyb
D:5:      layout_basic, nicolae_ru_path_of_blood, lemuel_round_altar,
          kennysheep_big_empty_room
D:6:      layout_basic, cheibrodos_worm_habitat,
          gammafunk_temple_overflow_pools, uniq_prince_ribbit1
D:7:      layout_basic, kennysheep_little_box, minmay_temple_entry_offerings,
          enter_bailey_2, grunt_ogre_cave, nicolae_qazlal_style_of_elements
D:8:      layout_cave_pools, erik_lair_island, nicolae_ossuary_entry_giza,
          minmay_joined_circles
D:9:      layout_long_grid, kennysheep_mini_moat, serial_shops, kennysheep_mini
D:10:     okawaru_arena_lexackson, layout_layer_cave, lemuel_old_faithful
D:11:     layout_basic, basic_altar
D:12:     layout_long_grid, orc_0_dummy, basic_altar, lemuel_flamethrower_3
Temple:   zaba_magenta_temple
Lair:1:   layout_regular_city, gauntlet_entry_generic, portal_ice_cave_rime,
          beast_lair_carwin_9, infiniplex_staircase_pool_2
IceCv:    ice_cave_small_necro

Skill      XL: |  1  2  3  4  5  6  7  8  9 10 11 |
---------------+----------------------------------+-----
Polearms       | 3 4 5 6 8 |  8.8
Shields        | 4 5 |  5.2
Dodging        | 3 6 9 10 | 10.7
Armour         | 5 8 9 |  9.6
Long Blades    | 2 |  2.2
Evocations     | 1 |  1.6
Axes           | 4 10 14 | 14.4
Fighting       | 5 |  5.3
Invocations    | 1 |  1.8

Action                   |  1- 3 |  4- 6 |  7- 9 | 10-12 || total
-------------------------+-------+-------+-------+-------++-------
Melee: Trident           |    91 |   138 |   191 |       ||   420
       Headbutt          |     8 |    18 |    71 |    45 ||   142
       Spear             |       |       |    79 |       ||    79
       Halberd           |       |       |    84 |       ||    84
       War axe           |       |       |    70 |   195 ||   265
       Executioner's axe |       |       |       |    93 ||    93
Evoke: Wand              |       |       |     8 |     9 ||    17
       Fan of gales      |       |       |       |     1 ||     1
  Use: Scroll            |       |     5 |     3 |    11 ||    19
       Potion            |       |       |     3 |     3 ||     6
 Stab: Distracted        |       |       |     1 |       ||     1
  Eat: Chunk             |       |     4 |    10 |     1 ||    15
       Ration            |       |       |     3 |     5 ||     8
Armor: Scale mail        |    14 |    24 |       |    40 ||    78
       Ring mail         |       |     5 |    74 |    36 ||   115
       Leather armour    |       |       |     3 |       ||     3
       Skin              |       |       |    11 |    15 ||    26
Dodge: Dodged            |    18 |    29 |   178 |   167 ||   392
       Deflected         |       |       |       |    11 ||    11
Block: Shield            |    29 |    41 |    50 |   154 ||   274
       Buckler           |       |       |    44 |       ||    44
       Other             |       |       |     4 |    25 ||    29

Table legend:
 A = Non-vault XP
 B = Vault XP
 C = Vault XP percentage of total XP
 D = Non-vault monster count
 E = Vault monster count
 F = Vault count percentage of total count
                 A         B        C        D         E       F
            +---------+---------+-------+---------+---------+-------
      Total |   15680 |    7641 |  32.8 |     251 |      74 |  22.8
            +---------+---------+-------+---------+---------+-------
        D:1 |      42 |       0 |   0.0 |      19 |       0 |   0.0
        D:2 |     141 |       0 |   0.0 |      26 |       0 |   0.0
        D:3 |      56 |       0 |   0.0 |      12 |       0 |   0.0
        D:4 |     397 |     303 |  43.3 |      14 |       2 |  12.5
        D:5 |     459 |       0 |   0.0 |      20 |       0 |   0.0
        D:6 |     419 |     291 |  41.0 |      10 |       2 |  16.7
        D:7 |    1932 |     118 |   5.8 |      49 |       1 |   2.0
        D:8 |     736 |    2072 |  73.8 |      15 |      18 |  54.5
        D:9 |    2263 |       0 |   0.0 |      29 |       0 |   0.0
       D:10 |    4061 |       0 |   0.0 |      23 |       0 |   0.0
       D:11 |    4582 |       0 |   0.0 |      31 |       0 |   0.0
       D:12 |     156 |       0 |   0.0 |       2 |       0 |   0.0
     Lair:1 |     436 |     688 |  61.2 |       1 |       2 |  66.7
     Bailey |       0 |    1226 | 100.0 |       0 |      30 | 100.0
      IceCv |       0 |    2943 | 100.0 |       0 |      19 | 100.0
            +---------+---------+-------+---------+---------+-------
